 Dungeon Crawl Stone Soup version 0.29.0-4-gdea44cf6ec (webtiles) character file.

Game seed: 13424673578037272495

3563 greasedhog the Covert (level 10, -1/59 HPs)
             Began as a Tengu Wanderer on Aug 27, 2022.
             Was an Initiate of Dithmenos.
             Slain by a vampire mosquito (7 damage)
             ... on level 7 of the Dungeon on Aug 28, 2022.
             The game lasted 00:18:44 (10056 turns).

greasedhog the Covert (Tengu Wanderer)             Turns: 10056, Time: 00:18:44

Health: -1/59      AC: 12    Str: 12    XL:     10   Next: 9%
Magic:  12/12      EV: 17    Int: 12    God:    Dithmenos [......]
Gold:   674        SH:  7    Dex: 19    Spells: 10/11 levels left

rFire   + . .      SeeInvis .   l - +0 dagger (venom)
rCold   . . .      Faith    .   e - +2 buckler
rNeg    . . .      Spirit   .   u - +0 leather armour
rPois   .          Reflect  .   (helmet restricted)
rElec   .          Harm     .   b - +0 cloak
rCorr   .          Rampage  .   h - +2 pair of gloves
Will    .....                   (boots unavailable)
Stlth   +++++.....              (no amulet)
HPRegen 0.19/turn               x - +4 ring of protection
MPRegen 0.13/turn               q - ring of protection from fire

@: flying quickly and evasively, quick
A: beak, talons 3, nimble flight
a: Renounce Religion


You were on level 7 of the Dungeon.
You worshipped Dithmenos.
Dithmenos was noncommittal.
You visited 2 branches of the dungeon, and saw 9 of its levels.

You collected 674 gold pieces.

Inventory:

Hand Weapons
 j - a +0 short sword
 l - a +0 dagger of venom (weapon)
Missiles
 a - a throwing net
Armour
 b - a +0 cloak (worn)
 e - a +2 buckler (worn)
 h - a +2 pair of gloves (worn)
 u - a +0 leather armour (worn)
Jewellery
 o - a +6 ring of strength
 q - a ring of protection from fire (right hand)
 x - a +4 ring of protection (left hand)
Wands
 k - a wand of iceblast (12)
 y - a wand of digging (7)
 B - a wand of charming (7)
Scrolls
 c - 2 scrolls of fog
 d - a scroll of poison
 f - 3 scrolls of enchant armour
 g - a scroll of amnesia
 i - a scroll of acquirement {unknown}
 p - a scroll of vulnerability
 r - a scroll of fear {unknown}
 s - a scroll of immolation
 t - a scroll of blinking {unknown}
 v - 3 scrolls of teleportation {unknown}
Potions
 m - a potion of mutation {unknown}
 n - 3 potions of attraction
 w - a potion of lignification {unknown}
 z - a potion of degeneration {unknown}
 A - 2 potions of curing
 C - a potion of heal wounds
 D - a potion of invisibility
 E - a potion of flight {unknown}


   Skills:
 * Level 5.0 Fighting
 - Level 5.0 Short Blades
 - Level 5.0 Armour
 - Level 6.0 Dodging
 * Level 11.0 Stealth
 - Level 2.0 Shields
 - Level 1.0 Spellcasting
 - Level 2.1 Necromancy
 - Level 1.0 Invocations
 - Level 1.0 Evocations


You had 10 spell levels left.
You knew the following spells:

 Your Spells              Type           Power      Damage    Failure   Level
a - Necrotise             Necr           20%        1d5       21%         1

Your spell library contained the following spells:

 Spells                   Type           Power      Damage    Failure   Level
 Vampiric Draining        Necr           5%         2d6       52%         3
 Confusing Touch          Hex            0%         N/A       83%         3
 Yara's Violent Unravell  Hex/Tmut       0%         3d3       100%        5
 Enfeeble                 Hex            0%         N/A       100%        7


Dungeon Overview and Level Annotations

Branches:
Dungeon (8/15)             Temple (1/1) D:5
   Lair: D:8-11

Altars:
Ashenzari
Cheibriados
Dithmenos
Gozag
Hepliaklqana
Kikubaaqudgha
Makhleb
Nemelex Xobeh
Okawaru
Qazlal
Ru
Trog
Uskayaw
Vehumet
Wu Jian
Zin
The Shining One

Shops:
D:7 *


Innate Abilities, Weirdness & Mutations

You have a beak for a mouth.
You have claws for feet.
Your magical nature lets you fly swiftly and evasively.


Message History

You hit the vampire mosquito.
The vampire mosquito is heavily damaged.
The vampire mosquito closely misses you.
You miss the vampire mosquito. Your kick misses the vampire mosquito.
The vampire mosquito is heavily damaged.
The vampire mosquito completely misses you.
The vampire mosquito barely misses you.
You barely miss the vampire mosquito. Your kick misses the vampire mosquito.
The vampire mosquito is heavily damaged.
The vampire mosquito barely misses you.
You miss the vampire mosquito. Your peck misses the vampire mosquito.
The vampire mosquito is heavily damaged.
The vampire mosquito bites you.
The vampire mosquito draws strength from your injuries!
The vampire mosquito bites you.
The vampire mosquito draws strength from your injuries!
You hit the vampire mosquito. Your kick misses the vampire mosquito.
Your peck misses the vampire mosquito.
The vampire mosquito is heavily damaged.
The vampire mosquito barely misses you.
You closely miss the vampire mosquito. You claw the vampire mosquito.
You peck the vampire mosquito.
The vampire mosquito is almost destroyed.
The vampire mosquito bites you.
* * * LOW HITPOINT WARNING * * *
The vampire mosquito draws strength from your injuries!
The vampire mosquito misses you.
You barely miss the vampire mosquito. Your kick misses the vampire mosquito.
The vampire mosquito is heavily damaged.
The vampire mosquito bites you but does no damage.
You hit the vampire mosquito. You claw the vampire mosquito.
You peck the vampire mosquito.
The vampire mosquito is almost destroyed.
The vampire mosquito misses you. The vampire mosquito bites you!
* * * LOW HITPOINT WARNING * * *
The vampire mosquito draws strength from your injuries!
You barely miss the vampire mosquito.
The vampire mosquito is severely damaged.
The vampire mosquito bites you!
You die...

######## #......########
##.............# #######
#...##......##@# #......
###.#.###....###y####### #.#####
#......###..###........# #.#
#.......######.........####.#
'........# #.........>..##.#
#......|.# #............##.#
#.......######...........##.#
#......###..###..####....##.#
####..###....###.#.......##.#####


You could see a vampire mosquito.

Vanquished Creatures
  Pikel (D:4)
  Maggie (D:7)
  Sigmund (D:2)
  A vampire mosquito (D:7)
  Duvessa (D:6)
  A sky beast (D:6)
  An ice beast (D:4)
  3 black bears
  An orc warrior (D:6)
  An ogre (D:5)
  A centaur (D:6)
  3 lemures (D:4)
  2 phantoms
  A bullfrog (D:7)
  A scorpion (D:4)
  2 necrophages
  4 wights (D:6)
  Dowan (D:6)
  5 howler monkeys (D:7)
  3 hounds
  2 gnoll boudas
  2 orc priests
  2 jellies
  Ijyb (D:4)
  3 iguanas
  5 orc wizards
  25 gnolls
  6 adders
  A shadow imp (D:6)
  2 ufetubi
  A worm (D:4)
  5 dart slugs
  23 orcs
  5 bats
  13 endoplasms
  4 giant cockroaches
  11 goblins
  9 hobgoblins
  6 jackals
  6 kobolds
  A quokka (D:4)
  10 ball pythons
  5 frilled lizards
  4 rats
187 creatures vanquished.

Notes
Turn   | Place    | Note
-------+----------+-------------------------------------------
     0 | D:1      | greasedhog the Tengu Wanderer began the quest for the Orb.
     0 | D:1      | greasedhog set off with the following items: a +0 dagger, a
                  | +0 cloak, a scroll of fog, a +0 robe, a +2 buckler; and the
                  | following spell memorised: Necrotise; and the following
                  | spells available to memorise: Vampiric Draining.
     0 | D:1      | Reached XP level 1. HP: 12/12 MP: 3/3
   412 | D:1      | Reached skill level 1 in Short Blades
   414 | D:1      | Reached XP level 2. HP: 17/17 MP: 4/4
   430 | D:1      | Reached skill level 2 in Stealth
   883 | D:1      | Reached XP level 3. HP: 16/21 MP: 5/5
  1344 | D:1      | Found a faded altar of an unknown god.
  1707 | D:2      | Noticed Sigmund
  1998 | D:2      | Reached skill level 3 in Stealth
  1998 | D:2      | Reached XP level 4. HP: 11/26 MP: 6/6
  1999 | D:2      | HP: 1/26 [gnoll/+0 club (8)]
  2504 | D:2      | Killed Sigmund
  2505 | D:2      | Reached skill level 4 in Stealth
  2505 | D:2      | Gained mutation: Your magical nature lets you fly swiftly
                  | and evasively. [Tengu growth]
  2505 | D:2      | Reached XP level 5. HP: 30/30 MP: 7/7
  2505 | D:2      | Reached XP level 6. HP: 35/35 MP: 8/8
  2611 | D:2      | Identified the +10 war axe of the Loving Seer {venom, rN++
                  | MP+9}
  2915 | D:2      | Identified the +3 cloak of Kilyent {rPois rF- Will+++
                  | Dex+2}
  3462 | D:3      | Reached skill level 5 in Stealth
  3672 | D:3      | Reached skill level 5 in Short Blades
  4223 | D:3      | Found an opulent altar of Gozag.
  4368 | D:4      | Noticed a black bear
  4490 | D:4      | Reached XP level 7. HP: 40/40 MP: 9/9
  4617 | D:4      | Reached skill level 6 in Stealth
  4887 | D:4      | Noticed Pikel
  4904 | D:4      | Killed Pikel
  4905 | D:4      | Reached skill level 7 in Stealth
  4905 | D:4      | Reached XP level 8. HP: 31/48 MP: 10/10
  4949 | D:4      | Noticed Ijyb
  5011 | D:4      | Killed Ijyb
  5012 | D:4      | Reached skill level 5 in Fighting
  5211 | D:4      | Found a radiant altar of Vehumet.
  5357 | D:4      | Found an iron altar of Okawaru.
  5369 | D:4      | Reached skill level 1 in Armour
  5476 | D:5      | Entered Level 5 of the Dungeon
  5853 | D:5      | Found a staircase to the Ecumenical Temple.
  5965 | D:4      | Reached skill level 8 in Stealth
  6903 | D:5      | Reached XP level 9. HP: 49/54 MP: 11/11
  7381 | D:6      | Reached skill level 5 in Armour
  7381 | D:6      | Reached skill level 9 in Stealth
  7424 | D:6      | Noticed Duvessa
  7427 | D:6      | Noticed Dowan
  7441 | D:6      | Killed Duvessa
  7442 | D:6      | Reached skill level 1 in Dodging
  7448 | D:6      | Killed Dowan
  8084 | D:6      | Noticed a +0 hand axe
  8084 | D:6      | Noticed a +0 hand axe
  8086 | D:6      | Found a hide-covered altar of Uskayaw.
  8123 | D:6      | Reached skill level 10 in Stealth
  8534 | Temple   | Entered the Ecumenical Temple
  8777 | Temple   | Became a worshipper of Dithmenos the Shadowed
  9181 | D:7      | Noticed Maggie
  9186 | D:7      | Reached skill level 5 in Dodging
  9228 | D:7      | Killed Maggie
  9229 | D:7      | Reached XP level 10. HP: 15/59 MP: 12/12
  9471 | D:7      | Found Wupaz's Mass Market.
 10044 | D:7      | Reached skill level 11 in Stealth
 10056 | D:7      | Slain by a vampire mosquito

Illustrated notes

Levels and vault maps discovered:
D:1:      dpeg_arrival_rhombus, layout_loops_corners, basic_ecumenical_altar
D:2:      minmay_razor_zed, layout_loops_ring, uniq_terence, uniq_sigmund
D:3:      minmay_spotlight, layout_rooms,
          nicolae_gozag_cash_rules_everything_around_me,
          chequers_serial_rivers_small_a
D:4:      minmay_polygon_palace, layout_cave_pools, marbit_many_paths,
          general_overflow_altar, uniq_ijyb, uniq_pikel
D:5:      layout_cave_pods, minmay_temple_entry_butterflies, minmay_misc_feat_x
D:6:      layout_cave_pods, dancing_weapons_uskayaw, uniq_duvessa
D:7:      layout_basic, minmay_shop_mass, minivault_19,
          hangedman_abyss_or_decor_passed, uniq_maggie
D:8:      minmay_evil_eye, layout_cave_pools,
          mainiacjoe_overflow_concentric_impassable, uniq_psyche
Temple:   oiseaux_autumnal_temple

Skill      XL: |  1  2  3  4  5  6  7  8  9 10 |
---------------+-------------------------------+-----
Short Blades   | 1 2 4 5 |  5.0
Stealth        | 2 3 4 5 7 8 10 11 | 11.0
Fighting       | 4 5 |  5.0
Armour         | 4 5 |  5.0
Dodging        | 5 6 |  6.0
Shields        | |  2.0
Spellcasting   | |  1.0
Necromancy     | |  2.1
Invocations    | |  1.0
Evocations     | |  1.0

Action                   |  1- 3 |  4- 6 |  7- 9 | 10-12 || total
-------------------------+-------+-------+-------+-------++-------
Melee: Dagger            |    73 |     5 |   284 |    34 ||   396
       Kick              |    24 |    51 |   162 |    13 ||   250
       Peck              |    12 |    24 |   104 |     5 ||   145
       Short sword       |    13 |   176 |   138 |       ||   327
Evoke: Wand              |       |     3 |    13 |       ||    16
  Use: Potion            |     1 |     1 |     7 |       ||     9
       Scroll            |       |     4 |       |     2 ||     6
 Stab: Sleeping          |     4 |     7 |    13 |     1 ||    25
       Distracted        |       |     1 |       |       ||     1
Armor: Robe              |    15 |    37 |    18 |       ||    70
       Leather armour    |       |       |    90 |    12 ||   102
Dodge: Dodged            |    32 |    75 |   213 |    35 ||   355
Block: Buckler           |    28 |    61 |   102 |    13 ||   204
